AoeStats
← miniducks

Four Lakes

509178935Analyzed
1v1 RM · 5d ago on Sep 25, 2026· 35m 53s· 2 players
Game mode
Random Map
Map size
Tiny (2 player)
Population
200
Speed
Normal
Resources
Standard
Victory
Conquest
Starting age
Dark Age
Ending age
Imperial Age
RankedLock teamsTeams togetherTeam positionsShared explorationLock speedFull tech treeHidden civsTurbo modeCheats
Victory
Defeat
🇨🇿 Vietnamese · Czechia
872
+16
🇺🇸 Franks · United States
868
-43
miniducks
3:55 Loom
12:02 Feudal Age
21:01 Castle Age
20:11 Double-Bit Axe
24:43 Husbandry
25:40 Scale Barding Armor
25:50 Pikeman
26:33 Scale Mail Armor
29:29 Elite Skirmisher
31:04 Wheelbarrow
30:16 Town Watch
30:35 Town Watch
33:18 Padded Archer Armor
『Lendoran』
10:51 Loom
12:37 Feudal Age
15:05 Fishing Lines
15:55 Forging
16:30 Scale Barding Armor
19:26 Wheelbarrow
18:37 Double-Bit Axe
21:42 Bloodlines
27:05 Castle Age
25:02 Fletching
27:55 Crossbowman
28:40 Thumb Ring
28:14 Pikeman
29:27 Bodkin Arrow
30:09 Iron Casting
29:09 Light Cavalry
30:32 Husbandry
31:29 Gillnets
33:53 Town Watch
34:25 Squires
36:00 Chain Barding Armor
Connection lost

Rejoining the realm…

Still unreachable

The connection could not be restored.

Session expired

The server has moved on; the page needs a fresh start.